 Dungeon Crawl Stone Soup version 0.21-a0-228-g14ccbf3 (webtiles) character file.

39 terra52 the Charmwright (level 3, -2/18 HPs)
             Began as a Vine Stalker Skald on Aug 31, 2017.
             Was an Initiate of Qazlal.
             Slain by Natasha (7 damage)
             ... on level 2 of the Dungeon.
             The game lasted 00:03:54 (944 turns).

terra52 the Charmwright (Vine Stalker Skald)         Turns: 944, Time: 00:03:54

Health: -2/18      AC:  3    Str: 14    XL:     3   Next: 45%
Magic:  0/8        EV: 12    Int: 13    God:    Qazlal [......]
Gold:   65         SH:  0    Dex: 13    Spells: 3/7 levels left

rFire    . . .     SeeInvis .   a - +0 short sword
rCold    . . .     Gourm    .   (no shield)
rNeg     . . .     Faith    .   b - +0 leather armour
rPois    .         Spirit   +   (no helmet)
rElec    .         Reflect  .   (no cloak)
rCorr    .         Harm     .   (no gloves)
MR       .....                  (no boots)
Stlth    +.........             (no amulet)
HPRegen  0.06/turn              (no ring)
MPRegen  0.11/turn              (no ring)

@: slowed, very slow
A: fangs 2, magic shield, antimagic bite, no potion heal 3, rot immunity
a: Renounce Religion


You were on level 2 of the Dungeon.
You worshipped Qazlal.
Qazlal was noncommittal.
You were hungry.

You visited 1 branch of the dungeon, and saw 2 of its levels.

You collected 65 gold pieces.

Inventory:

Hand Weapons
 a - a +0 short sword (weapon)
Armour
 b - a +0 leather armour (worn)
Scrolls
 k - a scroll of remove curse {unknown}
 l - a scroll of teleportation {unknown}
 n - 2 scrolls of enchant armour {unknown}
 o - a scroll of identify {unknown}
Potions
 e - 2 potions of heal wounds
 g - a potion of lignification {unknown}
 h - 2 potions of curing {unknown}
 i - 2 potions of might {unknown}
 j - a potion of magic {unknown}
 m - a potion of resistance {unknown}
Books
 c - a book of Battle

   Spells                             Type                      Level
   a - Infusion                       Charms                       1
   b - Shroud of Golubria             Charms/Translocation         2
   c - Song of Slaying                Charms                       2
   d - Spectral Weapon                Hexes/Charms                 3
   e - Regeneration                   Charms/Necromancy            3
Comestibles
 d - 4 bread rations
 f - a meat ration


   Skills:
 * Level 1.7 Fighting
 * Level 2.0 Short Blades
 + Level 1.1 Armour
 + Level 2.0 Dodging
 + Level 2.8 Spellcasting
 + Level 3.2 Charms


You had 3 spell levels left.
You knew the following spells:

 Your Spells              Type           Power        Failure   Level  Hunger
a - Infusion              Chrm           ##..         8%          1    #......
b - Regeneration          Chrm/Necr      #.........   41%         3    ###....


Dungeon Overview and Level Annotations

Branches:
Dungeon (2/15)

Altars:
Kikubaaqudgha
Makhleb
Qazlal
Sif Muna
Uskayaw

Annotations:
D:2 Natasha


Innate Abilities, Weirdness & Mutations

You have extremely sharp teeth.
When hurt, damage is shared between your health and your magic reserves.
Your bite disrupts and absorbs the magic of your enemies.
Potions cannot restore your health.
You are immune to rotting.


Message History

You hit Natasha.
Natasha is lightly wounded.
Natasha claws you! Natasha misses you.
You hit Natasha but do no damage.
Natasha is lightly wounded.
Your skin stops crawling.
Natasha closely misses you.
You hit Natasha. Your bite misses Natasha.
Natasha is moderately wounded.
Natasha closely misses you. Natasha claws you!
* * * LOW HITPOINT WARNING * * *
You hit Natasha.
Natasha is moderately wounded.
Natasha barely misses you.
You barely miss Natasha.
Natasha is moderately wounded.
Natasha claws you.
* * * LOW HITPOINT WARNING * * *
Natasha claws you!
You die...

.... #..# #..# #..#
#..# #..# ##..#
#..h#############
#####...@<..........#
..................)..#
.########).###.#####.#
#..<..#.#####.###
#####.###...........#
#.....# #...###.#...##
#####.###.###...#
#.#....#
#..........)....#
#.#....#
#.###.########..#
#......#


You could see Natasha.

Vanquished Creatures
  A worm (D:2)
  A dart slug (D:1)
  A leopard gecko (D:1)
  A ball python (D:2)
  6 bats
  A giant cockroach (D:2)
  4 goblins
  2 hobgoblins
  2 jackals (D:1)
  A quokka (D:2)
  3 frilled lizards (D:1)
  5 kobolds
  5 rats
33 creatures vanquished.

Notes
Turn   | Place    | Note
-------+----------+-------------------------------------------
     0 | D:1      | terra52 the Vine Stalker Skald began the quest for the Orb.
     0 | D:1      | Reached XP level 1. HP: 11/11 MP: 4/4
   110 | D:1      | Reached XP level 2. HP: 9/15 MP: 0/6
   413 | D:2      | Reached XP level 3. HP: 9/18 MP: 4/8
   467 | D:2      | Learned a level 3 spell: Regeneration
   592 | D:1      | Reached skill level 1 in Armour
   823 | D:2      | Found a hide-covered altar of Uskayaw.
   823 | D:2      | Found a stormy altar of Qazlal.
   829 | D:2      | Found an ancient bone altar of Kikubaaqudgha.
   831 | D:2      | Found a deep blue altar of Sif Muna.
   842 | D:2      | Found a burning altar of Makhleb.
   855 | D:2      | Became a worshipper of Qazlal Stormbringer
   932 | D:2      | Noticed Natasha
   944 | D:2      | Slain by Natasha

Vault maps used:
D:1:      mushboom_english_gardens
D:2:      chequers_temple_overflow_minitemple, first_bread,
          kennysheep_generic_room_11, uniq_natasha

Skill      XL: |  1  2  3 |
---------------+----------+-----
Dodging        | 2 |  2.0
Armour         | 1 |  1.1
Short Blades   | 2 |  2.0
Fighting       | |  1.7
Spellcasting   | |  2.8
Charms         | |  3.2

Action                   || total
-------------------------++-------
Melee: Short sword       ||   105
       Bite              ||    15
 Cast: Infusion          ||    20
       Regeneration      ||     1
  Use: Potion            ||     1
Armor: Leather armour    ||    38
Dodge: Dodged            ||    70

Table legend:
 A = Spawn XP
 B = Non-spawn XP
 C = Spawn XP percentage of total XP
 D = Spawn monster count
 E = Non-spawn monster count
 F = Spawn count percentage of total count
 G = Total turns spent on level
                    A         B        C        D         E        F      G
               +---------+---------+-------+---------+---------+-------+---------
         Total |       5 |      51 |   8.9 |       3 |      30 |   9.1 |   944
               +---------+---------+-------+---------+---------+-------+---------
           D:1 |       3 |      29 |   9.4 |       2 |      19 |   9.5 |   639
           D:2 |       2 |      22 |   8.3 |       1 |      11 |   8.3 |   305
               +---------+---------+-------+---------+---------+-------+---------
